 Dungeon Crawl Stone Soup version 0.30-a0-1103-g25895a7845 (webtiles) character file.

Game seed: 17595768391119799394

148 Pimp the Poker (level 5, -7/41 HPs)
             Began as a Merfolk Gladiator on Apr 18, 2023.
             Killed by nerve-wracking pain
             ... invoked by an orc priest
              (13 damage)
             ... on level 3 of the Dungeon.
             The game lasted 00:02:52 (1996 turns).

Pimp the Poker (Merfolk Gladiator)                  Turns: 1996, Time: 00:02:52

Health: -7/41      AC:  4    Str: 17    XL:     5   Next: 30%
Magic:  5/5        EV: 14    Int:  7    God:
Gold:   95         SH:  0    Dex: 15    Spells: 4/4 levels left

rFire   . . .      SeeInvis .    a - +0 trident
rCold   . . .      Faith    .    (no shield)
rNeg    . . .      Spirit   .    b - +0 leather armour
rPois   .          Reflect  .    c - +0 helmet
rElec   .          Rampage  .    (no cloak)
rCorr   .                        (no gloves)
Will    .....                    (no boots)
Stlth   +                        (no amulet)
HPRegen 0.26/turn                (no ring)
MPRegen 0.09/turn                (no ring)

@: no status effects
A: (nimble swimmer 2), mertail
a: no special abilities


You were on level 3 of the Dungeon.
You visited 1 branch of the dungeon, and saw 3 of its levels.

You collected 95 gold pieces.

Inventory:

Hand Weapons
 a - a +0 trident (weapon)
Missiles
 d - 3 throwing nets (quivered)
 e - a javelin
Armour
 b - a +0 leather armour (worn)
 c - a +0 helmet (worn)
 i - a scarf of invisibility
Jewellery
 f - a ring of see invisible
 j - a ring of protection from cold
Scrolls
 g - a scroll of amnesia {unknown}
 h - a scroll of teleportation {unknown}
 k - a scroll of identify {unknown}
 l - a scroll of enchant armour {unknown}
Potions
 m - a potion of mutation {unknown}


   Skills:
 + Level 3.4 Fighting
 + Level 5.2 Polearms
 + Level 3.1 Throwing
 + Level 5.1 Dodging


You had 4 spell levels left.
You didn't know any spells.
Your spell library contained the following spells:

 Spells                   Type           Power      Damage    Failure   Level
 Dazzling Flash           Conj/Hex       0%         N/A       86%         3
 Volatile Blastmotes      Fire/Tloc      0%         2d10      86%         3
 Iskenderun's Mystic Bla  Conj/Tloc      0%         2d3       99%         4
 Starburst                Conj/Fire      0%         6d3       100%        6
 Chain Lightning          Conj/Air       0%         N/A       100%        9
 Fire Storm               Conj/Fire      0%         5d1       100%        9
 Shatter                  Erth           0%         3d5*      100%        9


Dungeon Overview and Level Annotations

Branches:
Dungeon (3/15)

Altars:


Innate Abilities, Weirdness & Mutations

((You are very nimble when in or above water. (Stealth+, EV+, Speed+++)))
Your lower body shifts to a powerful aquatic tail in water.


Message History

You hit the orc but do no damage.
An orc priest comes into view. It is wielding a +0 trident.
The orc hits you with a +0 club.
You hit the orc.
The orc is heavily wounded.
The orc hits you but does no damage. x2
You barely miss the orc.
The orc is heavily wounded.
The orc barely misses you. The orc hits you but does no damage.
You hit the orc but do no damage.
The orc is heavily wounded.
The orc priest calls down the wrath of Beogh upon you.
Beogh smites you! The orc barely misses you.
You barely miss the orc.
The orc is heavily wounded.
The orc hits you but does no damage. The orc barely misses you.
You hit the orc.
You kill the orc!
The orc priest calls down the wrath of Beogh upon you.
Beogh smites you!
You hit the orc.
The orc is heavily wounded.
The orc closely misses you.
You puncture the orc!
You kill the orc!
The orc barely misses you.
You hit the orc.
The orc is lightly wounded.
The orc priest hits you from afar with a +0 trident.
The orc closely misses you.
You hit the orc.
The orc is almost dead.
The orc closely misses you. The orc priest closely misses you.
You closely miss the orc. You punch the orc.
You kill the orc!
The orc priest hits you from afar with a +0 trident!
* * * LOW HITPOINT WARNING * * *
The orc priest invokes the aid of Beogh against you.
Pain shoots through your body!
You die...

.......# ...###.#
##.#.#.# ....<#.#
##.###.# .....#.#
.....#.#
###....###############..
####............@o......
.###.#....############..
..##.#...............#
#..#.#...............#
.....#.).............#
##.###...............#
##..##..####...#######
........'..#..##
####....#.)#..#


You could see an orc priest.

Vanquished Creatures
  Jessica (D:2)
  Terence (D:2)
  3 gnolls (D:2)
  2 adders
  3 dart slugs
  4 orcs (D:3)
  2 ball pythons (D:1)
  2 bats
  6 endoplasms
  2 giant cockroaches (D:1)
  3 goblins
  4 hobgoblins
  3 jackals (D:1)
  2 frilled lizards (D:1)
  2 kobolds (D:1)
  5 rats
45 creatures vanquished.

Notes
Turn   | Place    | Note
-------+----------+-------------------------------------------
     0 | D:1      | Pimp the Merfolk Gladiator began the quest for the Orb.
     0 | D:1      | Reached XP level 1. HP: 16/16 MP: 1/1
    51 | D:1      | Reached XP level 2. HP: 13/23 MP: 2/2
   256 | D:1      | Found a faded altar of an unknown god.
   306 | D:1      | Reached XP level 3. HP: 28/28 MP: 3/3
   903 | D:2      | Noticed Terence
   919 | D:2      | Killed Terence
   920 | D:2      | Reached XP level 4. HP: 6/35 MP: 4/4
  1143 | D:2      | Noticed Jessica
  1153 | D:2      | Killed Jessica
  1269 | D:2      | Reached skill level 5 in Polearms
  1269 | D:2      | Reached skill level 5 in Dodging
  1275 | D:2      | Reached XP level 5. HP: 8/41 MP: 5/5
  1278 | D:2      | HP: 2/41 [gnoll/+0 spear (4)]
  1996 | D:3      | Killed from afar by an orc priest

Illustrated notes

Levels and vault maps discovered:
D:1:      sevenhm_arrival_forest_fort_large_4, layout_rooms,
          hellmonk_ecumenical_altar_slurped_away
D:2:      layout_loops_ring, minmay_misc_feat_square, grunt_decor_cap,
          uniq_terence, uniq_jessica
D:3:      lemuel_castle_with_subvaults [lemuel_castle_interior_carwin_1],
          layout_basic, corexii_shack, uniq_natasha

Skill      XL: |  1  2  3  4 |
---------------+-------------+-----
Fighting       | 3 |  3.4
Polearms       | 5 |  5.2
Dodging        | 5 |  5.1
Throwing       | 3 |  3.1

Action                     |  1- 3 |  4- 6 || total
---------------------------+-------+-------++-------
  Melee: Trident           |    89 |    50 ||   139
         Punch             |     1 |     2 ||     3
    Use: Potion            |     2 |       ||     2
 Armour: Leather armour    |    40 |     8 ||    48
  Dodge: Dodged            |    80 |    31 ||   111

Table legend: (Time is in decaauts)
 A = Elapsed time spent in this place.
 B = Non-inter-level travel time spent in this place.
 C = Inter-level travel time spent in this place.
 D = Time resting spent in this place.
 E = Time spent auto-exploring this place.
 F = Levels seen in this place.
 G = Mean time per level.
                   A        B        C        D        E       F      G
               +--------+--------+--------+--------+--------+-----+--------+
         Total |   2005 |   1971 |     34 |    503 |   1107 |   3 |  668.3 |
       Dungeon |   2005 |   1971 |     34 |    503 |   1107 |   3 |  668.3 |
               +--------+--------+--------+--------+--------+-----+--------+

Top non-repeatable levels by time:
     D:2: 949 daAuts
     D:1: 654 daAuts
     D:3: 401 daAuts
